 Dungeon Crawl Stone Soup version 0.28-a0-933-gdde70e7 (webtiles) character file.

Game seed: 15872813881977057231

9915 Dorkslayer the Carver (level 11, -10/69 HPs)
             Began as a Gargoyle Fighter on Nov 27, 2021.
             Was a Priest of the Shining One.
             Mangled by a freezing wraith (17 damage)
             ... led by a death knight
             ... on level 9 of the Dungeon.
             The game lasted 00:25:54 (8597 turns).

Dorkslayer the Carver (Gargoyle Fighter)            Turns: 8597, Time: 00:25:55

Health: -10/69     AC: 28    Str: 27    XL:     11   Next: 53%
Magic:  15/15      EV:  8    Int:  9    God:    the Shining One [***...]
Gold:   809        SH: 10    Dex: 11    Spells: 10/10 levels left

rFire   . . .      SeeInvis .   a - +2 long sword (freeze)
rCold   . . .      Faith    .   c - +0 buckler
rNeg    + + .      Spirit   .   o - +0 plate armour
rPois   ∞          Reflect  +   B - +0 helmet
rElec   +          Harm     .   g - +0 cloak
rCorr   .          Rampage  .   l - +0 pair of gloves
Will    .....                   i - +1 pair of boots
Stlth   ..........              p - amulet of reflection
HPRegen 0.21/turn               h - +6 ring of strength
MPRegen 0.14/turn               (no ring)

@: hasted and slowed, glowing
A: sickness immunity, AC +8, negative energy resistance 1, electricity
resistance, torment resistance 1, petrification resistance
a: Renounce Religion, Divine Shield, Cleansing Flame


You were on level 9 of the Dungeon.
You worshipped the Shining One.
The Shining One was most pleased with you.
You visited 2 branches of the dungeon, and saw 11 of its levels.

You collected 1594 gold pieces.
You spent 770 gold pieces at shops.
You donated 15 gold pieces to Zin.

Inventory:

Hand Weapons
 a - a +2 long sword of freezing (weapon)
 u - a +0 long sword of freezing
Missiles
 j - 14 poisoned darts (quivered)
Armour
 c - a +0 buckler (worn)
 g - a +0 cloak (worn)
 i - a +1 pair of boots (worn)
 l - a +0 pair of gloves (worn)
 o - a +0 plate armour (worn)
 B - a +0 helmet (worn)
Jewellery
 h - a +6 ring of strength (left hand)
 p - an amulet of reflection (around neck)
Wands
 b - a wand of paralysis (8)
 t - a wand of flame (20)
 y - a wand of iceblast (7)
 A - a wand of acid (2)
Scrolls
 k - 7 scrolls of teleportation
 r - a scroll of fog
 v - a scroll of magic mapping
 x - 3 scrolls of amnesia
 C - a scroll of blinking
 D - 2 scrolls of silence {unknown}
 E - a scroll of summoning {unknown}
Potions
 d - 3 potions of ambrosia
 e - 5 potions of attraction
 f - 2 potions of flight
 m - a potion of curing
 n - a potion of brilliance
 q - 3 potions of might
 w - a potion of berserk rage
 z - a potion of magic {unknown}


   Skills:
 * Level 8.3 Fighting
 + Level 9.5 Long Blades
 * Level 3.3 Throwing
 + Level 8.1 Armour
 + Level 2.8 Dodging
 + Level 0.9 Stealth
 + Level 7.9 Shields
 * Level 6.4 Invocations
 * Level 3.1 Evocations


You had 10 spell levels left.
You didn't know any spells.
Your spell library contained the following spells:

 Spells                   Type           Power      Damage    Failure   Level
 Ensorcelled Hibernation  Hex/Ice        0%         N/A       99%         2
 Gell's Gravitas          Tloc           0%         N/A       100%        3
 Lesser Beckoning         Tloc           0%         N/A       100%        3
 Teleport Other           Tloc           0%         N/A       100%        3
 Tukima's Dance           Hex            0%         N/A       100%        3


Dungeon Overview and Level Annotations

Branches:
Dungeon (10/15)            Temple (1/1) D:5
   Lair: D:8-11         Orc: D:9-12

Altars:
Ashenzari
Cheibriados
Dithmenos
Fedhas
Gozag
Hepliaklqana
Kikubaaqudgha
Makhleb
Nemelex Xobeh
Qazlal
Ru
Sif Muna
Trog
Uskayaw
Vehumet
Wu Jian
Xom
Yredelemnul
Zin
The Shining One

Shops:
D:4 *   D:6 !   D:9 (


Innate Abilities, Weirdness & Mutations

You are immune to sickness and miasma.
Your stone body is resilient. (AC +8)
You are immune to poison.
You resist negative energy. (rN+)
You are resistant to electric shocks. (rElec)
You are resistant to unholy torment.
You are immune to petrification.


Message History

You barely miss the freezing wraith.
The freezing wraith is moderately damaged.
The freezing wraith barely misses you. The freezing wraith hits you.
The freezing wraith drains your vigour!
You feel yourself slow down.
You slash the freezing wraith!
The freezing wraith is severely damaged.
You block the freezing wraith's attack. The freezing wraith barely misses you.
You hit the freezing wraith but do no damage.
The freezing wraith is severely damaged.
You block the freezing wraith's attack. x2
You barely miss the freezing wraith.
The freezing wraith is severely damaged.
The freezing wraith hits you. The freezing wraith freezes you!
* * * LOW HITPOINT WARNING * * *
The freezing wraith closely misses you.
You hit the freezing wraith but do no damage.
The freezing wraith is severely damaged.
You block the freezing wraith's attack.
The freezing wraith hits you but does no damage.
You hit the freezing wraith but do no damage.
The freezing wraith is severely damaged.
You block the freezing wraith's attack. x2
You hit the freezing wraith but do no damage.
The freezing wraith is severely damaged.
The freezing wraith hits you but does no damage.
You block the freezing wraith's attack.
You hit the freezing wraith but do no damage.
The freezing wraith is severely damaged.
You feel yourself speed up. You block the freezing wraith's attack.
The freezing wraith hits you.
* * * LOW HITPOINT WARNING * * *
The freezing wraith drains your vigour!
You feel yourself slow down.
You slash the freezing wraith!
The freezing wraith is almost destroyed.
Your plate armour prevents you from hitting the freezing wraith.
The freezing wraith is almost destroyed.
The freezing wraith hits you!
* * * LOW HITPOINT WARNING * * *
The freezing wraith freezes you!
You die...

..######.........................
.## #....##...................
.#######....###..................
.......#.........................
######.#.....#####...............
#.....).## ###.>...........
##....[..# #.z.......#...
#.....))######.............
#......)..@WYz.##..........
#.......).#######.....###..
#.......#.###........## ##.
#########.##..###....#####.
#..#(##............
###.#.......#####.##
#.........#.# ##.##
#####........##.####..##
########............##.##...###


You could see a skeletal warrior (corroded), a freezing wraith and a yak
(corroded).

Vanquished Creatures
  Erolcha (D:9)
  A two-headed ogre (D:8)
  A skeletal warrior (D:9)
  A cyclops (D:8)
  2 unseen horrors
  A freezing wraith (D:9)
  3 trolls
  2 hornets
  3 wraiths
  3 yaks (D:8)
  2 wyverns
  3 steam dragons
  Edmund (D:6)
  4 water moccasins
  2 black bears
  A sky beast (D:7)
  A necrophage (D:4)
  4 centaurs
  3 ogres
  5 bullfrogs
  3 gnoll sergeants
  A wyvern zombie (D:8)
  2 scorpions
  A wyvern skeleton (D:6)
  A water moccasin skeleton (D:6)
  7 killer bees
  3 wights
  An electric eel (D:7)
  2 howler monkeys
  A bullfrog zombie (D:5)
  4 centaur zombies
  6 bullfrog skeletons
  2 jellies (D:7)
  6 orc priests
  A centaur skeleton (D:6)
  2 hounds
  An iguana (D:4)
  9 orc wizards
  2 scorpion zombies (D:5)
  A killer bee zombie (D:8)
  2 howler monkey zombies
  A howler monkey skeleton (D:5)
  7 adders
  15 gnolls
  A shadow imp (D:6)
  2 white imps (D:5)
  An ufetubus (D:5)
  A worm (D:2)
  2 dart slugs
  28 orcs
  4 endoplasms
  4 giant cockroaches
  9 goblins
  3 hobgoblins
  6 jackals
  6 quokkas
  7 ball pythons
  2 bats
  4 frilled lizards
  5 kobolds
  3 rats
213 creatures vanquished.

Vanquished Creatures (others)
  3 plants (D:5)
3 creatures vanquished.

Grand Total: 216 creatures vanquished

Notes
Turn   | Place    | Note
-------+----------+-------------------------------------------
     0 | D:1      | Dorkslayer the Gargoyle Fighter began the quest for the
                  | Orb.
     0 | D:1      | Reached XP level 1. HP: 14/14 MP: 1/1
   197 | D:1      | Reached XP level 2. HP: 19/19 MP: 2/2
   260 | D:1      | Reached skill level 2 in Long Blades
   524 | D:1      | Reached XP level 3. HP: 21/23 MP: 3/3
   556 | D:1      | Found a faded altar of an unknown god.
  1560 | D:3      | Reached XP level 4. HP: 27/28 MP: 4/4
  1689 | D:3      | Reached skill level 5 in Armour
  1689 | D:3      | Reached XP level 5. HP: 32/32 MP: 5/5
  1693 | D:3      | Reached skill level 1 in Dodging
  1890 | D:3      | Noticed an ogre
  1897 | D:3      | Killed an ogre
  1898 | D:3      | Reached skill level 3 in Long Blades
  1898 | D:3      | Reached XP level 6. HP: 6/37 MP: 6/6
  2566 | D:4      | Found Papipn's General Store.
  2897 | D:4      | Bought a potion of curing for 42 gold pieces
  2897 | D:4      | Bought a scroll of fog for 28 gold pieces
  2920 | D:4      | Reached skill level 4 in Long Blades
  3144 | D:4      | Found an ornate altar of the Wu Jian Council.
  3305 | D:4      | Noticed a black bear
  3316 | D:4      | Killed a black bear
  3317 | D:4      | Reached XP level 7. HP: 33/43 MP: 7/7
  3555 | D:5      | Entered Level 5 of the Dungeon
  3794 | D:5      | Found a staircase to the Ecumenical Temple.
  3804 | Temple   | Entered the Ecumenical Temple
  3835 | Temple   | Became a worshipper of Zin the Law-Giver
  3835 | Temple   | Reached * piety under Zin
  3943 | Temple   | Fell from the grace of Zin
  3943 | Temple   | Became a worshipper of the Shining One
  4146 | D:5      | Noticed a wraith
  4168 | D:5      | Reached skill level 5 in Long Blades
  4190 | D:5      | Reached XP level 8. HP: 23/48 MP: 8/8
  4204 | D:5      | Reached skill level 5 in Fighting
  4217 | D:5      | Reached * piety under the Shining One
  4238 | D:5      | Killed a wraith
  4239 | D:5      | Reached skill level 5 in Shields
  4644 | D:6      | Reached skill level 6 in Long Blades
  4745 | D:6      | Found Hohocvon's Distillery.
  4753 | D:6      | Bought a potion of curing for 42 gold pieces
  4753 | D:6      | Bought a potion of attraction for 42 gold pieces
  4753 | D:6      | Bought a potion of lignification for 42 gold pieces
  4753 | D:6      | Bought a potion of might for 56 gold pieces
  4763 | D:6      | Noticed Edmund
  4782 | D:6      | Killed Edmund
  4783 | D:6      | Reached skill level 1 in Invocations
  4812 | D:6      | Reached XP level 9. HP: 50/55 MP: 9/9
  5000 | D:6      | Reached skill level 7 in Long Blades
  5391 | D:7      | Reached skill level 1 in Throwing
  5888 | D:7      | Noticed a hornet
  5900 | D:7      | Killed a hornet
  6192 | D:7      | Reached skill level 8 in Long Blades
  6325 | D:8      | Acquired 1044 gold pieces
  6436 | D:6      | Bought 2 potions of haste for 280 gold pieces
  6436 | D:6      | Bought 2 potions of ambrosia for 224 gold pieces
  6436 | D:6      | Bought a potion of degeneration for 14 gold pieces
  6577 | D:8      | Reached ** piety under the Shining One
  6697 | D:8      | Reached XP level 10. HP: 61/61 MP: 13/13
  6911 | D:8      | Reached skill level 5 in Invocations
  6911 | D:8      | Noticed an unseen horror
  6911 | D:8      | Noticed a cyclops
  6918 | D:8      | Noticed a five-headed hydra
  6926 | D:8      | Killed an unseen horror
  6931 | D:8      | Killed a cyclops
  6932 | D:8      | Reached skill level 1 in Evocations
  6956 | D:8      | Noticed a two-headed ogre
  6981 | D:8      | Killed a two-headed ogre
  7034 | D:8      | Reached *** piety under the Shining One
  7252 | D:9      | Reached XP level 11. HP: 63/67 MP: 15/15
  7255 | D:9      | Reached skill level 9 in Long Blades
  7255 | D:9      | Found Ihik's Antique Weapon Shop.
  7781 | D:9      | Noticed Erolcha
  7795 | D:9      | Killed Erolcha
  8205 | D:10     | Entered Level 10 of the Dungeon
  8241 | D:10     | Noticed a skeletal warrior
  8279 | D:9      | HP: 3/68 [freezing wraith[a death knight] (23)]
  8290 | D:9      | Killed a skeletal warrior
  8532 | D:10     | Noticed a skeletal warrior
  8533 | D:10     | Noticed a death knight
  8597 | D:9      | Mangled by a freezing wraith

Illustrated notes

Levels and vault maps discovered:
D:1:      wheals_arrival_linesprint, layout_basic,
          hellmonk_ecumenical_altar_crossroads
D:2:      layout_loops_ring, kennysheep_generic_room_14
D:3:      layout_basic
D:4:      layout_loops_cross, nzn_wu_jian_contemplation, serial_shops,
          nicolae_stop_n_shop_1
D:5:      minmay_clustersquares, layout_cave_pools,
          minmay_temple_entry_gardened_gates, hangedman_decor_peaks_small,
          hangedman_decor_points, minmay_misc_feat_pillars
D:6:      layout_loops_ring, serial_shops, shop, uniq_edmund
D:7:      layout_basic, kennysheep_generic_room_16
D:8:      hangedman_cross_veins, layout_basic
D:9:      layout_rooms, serial_shops, nicolae_shop_statue_plus,
          hangedman_abyss_or_decor_clamps, kennysheep_generic_room_6,
          uniq_erolcha
D:10:     layout_cave_pools, uniq_snorg
Temple:   mainiacjoe_temple_hex_bubbles

Skill      XL: |  1  2  3  4  5  6  7  8  9 10 11 |
---------------+----------------------------------+-----
Long Blades    | 2 3 4 5 6 8 9 |  9.5
Armour         | 4 5 6 7 8 |  8.1
Dodging        | 1 2 |  2.8
Shields        | 4 5 6 7 |  7.9
Fighting       | 4 5 6 7 8 |  8.3
Invocations    | 1 4 5 6 |  6.4
Throwing       | 1 2 3 |  3.3
Evocations     | 2 3 |  3.1
Stealth        | |  0.9

Action                   |  1- 3 |  4- 6 |  7- 9 | 10-12 || total
-------------------------+-------+-------+-------+-------++-------
Melee: Long sword        |   148 |   165 |   293 |   236 ||   842
Throw: Throwing net      |       |     1 |     2 |       ||     3
       Javelin           |       |       |     9 |     3 ||    12
       Dart              |       |       |       |     2 ||     2
Evoke: Wand              |       |       |     1 |    13 ||    14
  Use: Scroll            |     2 |     4 |     7 |     5 ||    18
       Potion            |       |     4 |     1 |    13 ||    18
Armor: Scale mail        |    81 |    74 |    26 |       ||   181
       Chain mail        |       |       |   120 |    65 ||   185
       Plate armour      |       |       |       |   125 ||   125
Dodge: Dodged            |    73 |    63 |    97 |   110 ||   343
Block: Buckler           |    28 |    47 |   143 |   205 ||   423
       Reflection        |       |       |       |     6 ||     6

Table legend: (Time is in decaauts)
 A = Elapsed time spent in this place.
 B = Non-inter-level travel time spent in this place.
 C = Inter-level travel time spent in this place.
 D = Time resting spent in this place.
 E = Time spent auto-exploring this place.
 F = Levels seen in this place.
 G = Mean time per level.
                   A        B        C        D        E       F      G
               +--------+--------+--------+--------+--------+-----+--------+
         Total |   8682 |   8490 |    192 |   1060 |   2310 |  11 |  789.3 |
       Dungeon |   8508 |   8316 |    192 |   1060 |   2310 |  10 |  850.8 |
        Temple |    173 |    173 |      0 |      0 |      0 |   1 |  173.0 |
               +--------+--------+--------+--------+--------+-----+--------+

Top non-repeatable levels by time:
     D:4: 1208 daAuts
     D:7: 1149 daAuts
     D:9: 1100 daAuts
     D:3: 1016 daAuts
     D:1: 884 daAuts
     D:8: 871 daAuts
     D:5: 789 daAuts
     D:6: 769 daAuts
     D:2: 649 daAuts
  Temple: 173 daAuts
    D:10: 68 daAuts
